Worcester Sharks vs Bridgeport Sound Tigers

Created - 23 novembre 2021 at 14:45

Goals
1 2 3 T
Worcester Sharks 1 0 0 1
Bridgeport Sound Tigers 1 4 7 12
Shots
1 2 3 T
Worcester Sharks 14 12 11 37
Bridgeport Sound Tigers 12 21 17 50

1st period

1. Bridgeport Sound Tigers , William Lagesson 3 (Dmitry Sokolov 4, Nick Schilkey 8) at 9:09
2. Worcester Sharks , Travis Boyd 8 (Hudson Elynuik 1) at 11:18

Penalties :
Martin Marincin (SRK) for Cross-checking (Minor) at 1:07

2nd period

3. Bridgeport Sound Tigers , Michael Carcone 13 (Mason Shaw 9, Steven Lorentz 4) at 2:12
4. Bridgeport Sound Tigers , Cole Cassels 7 (Rem Pitlick 12, Robbie Russo 6) at 9:53
5. Bridgeport Sound Tigers , Austin Wagner 8 (Ryan Reaves 13, Luke Philp 12) at 10:01
6. Bridgeport Sound Tigers , Ryan Reaves 13 (Robbie Russo 7, Austin Wagner 18) at 18:05

Penalties :
Martin Marincin (SRK) for Roughing (Minor) at 2:50, Robbie Russo (SND) for Roughing (Minor) at 7:43, Cole Cassels (SND) for Roughing (Minor) at 10:36

3rd period

7. Bridgeport Sound Tigers , Michael Carcone 14 (Mason Shaw 10, Steven Lorentz 5) at 1:01
8. Bridgeport Sound Tigers , Ryan Reaves 14 (Austin Wagner 19, William Borgen 12) at 1:09
9. Bridgeport Sound Tigers , Luke Philp 8 (William Lagesson 15) at 1:25
10. Bridgeport Sound Tigers , Luke Philp 9 (Ryan Reaves 14) at 1:31
11. Bridgeport Sound Tigers , Luke Philp 10 (Ryan Reaves 15, Austin Wagner 20) at 13:55 (PP)
12. Bridgeport Sound Tigers , Mark Alt 1 (Michael Carcone 4, Cole Cassels 6) at 14:23
13. Bridgeport Sound Tigers , Ryan Reaves 15 (Luke Philp 13, Austin Wagner 21) at 14:31

Penalties :
Hudson Elynuik (SRK) for Tripping (Minor) at 1:58, Remi Elie (SRK) for Slashing (Minor) at 8:17, Joseph Veleno (SRK) for Holding (Minor) at 13:39

Goalie Stats

Ukko-Pekka Luukkonen (SRK), 30 saves from 38 shots - (0,789), L, 1-1-0, 41:25 minutes
Unknown Goalie (SRK), 8 saves from 12 shots - (0,667), 18:35 minutes
Cal Petersen (SND), 36 saves from 37 shots - (0,973), W, 8-2-3, 60:00 minutes

Players Stats for Worcester Sharks

Player Name              G  A  P  +/- PIM S  H  SB GA TA FO     MP     PP MP  PK MP  
------------------------------------------------------------------------------------
Brent Gates              0  0  0   0  0   2  1  0  0  0  4/5    15:50   2:01   2:25 
Carson Meyer             0  0  0  -5  0   2  0  2  1  0  0/0    15:32   1:54   0:00 
Christian Wolanin        0  0  0  -2  0   2  1  3  1  0  0/0    20:11   0:00   1:46 
Drew Shore               0  0  0   0  0   0  0  0  0  0  0/1     7:22   0:00   0:23 
Garrett Pilon            0  0  0   0  0   3  0  1  1  0  3/6    11:18   0:00   0:00 
Hudson Elynuik           0  1  1  -5  2   2  0  1  1  0  9/26   19:26   0:03   3:03 
Jeremy Davies            0  0  0  -5  0   1  0  3  1  0  0/0    24:15   1:57   4:16 
Jimmy Schuldt            0  0  0  -5  0   0  1  2  0  1  0/0    24:10   1:57   4:16 
Joseph Veleno            0  0  0  -1  2   3  1  0  0  0  5/8    11:23   0:00   3:48 
Kristians Rubins         0  0  0  -3  0   0  2  0  0  0  0/0    12:17   0:00   0:00 
Martin Marincin          0  0  0  -2  4   5  1  4  0  0  0/0    21:06   2:01   2:10 
Matt Lorito              0  0  0  -5  0   1  4  0  0  0  1/1    15:27   0:00   0:00 
Max Humitz               0  0  0   0  0   2  0  0  0  0  0/0     8:20   2:01   0:00 
Noel Hoefenmayer         0  0  0  -3  0   1  0  0  0  0  0/0    17:54   2:01   3:56 
Ostap Safin              0  0  0   0  0   2  2  0  0  0  0/0    15:44   0:00   3:51 
Paul Carey               0  0  0  -5  0   3  2  0  0  1  4/19   15:37   1:57   0:00 
Remi Elie                0  0  0  -5  2   1  3  0  0  2  0/1    18:34   1:57   2:54 
Travis Boyd              1  0  1  -4  0   7  1  1  2  0  2/2    17:17   2:01   0:00 

Players Stats for Bridgeport Sound Tigers

Player Name              G  A  P  +/- PIM S  H  SB GA TA FO     MP     PP MP  PK MP  
------------------------------------------------------------------------------------
Alex Dostie              0  0  0   1  0   2  2  0  0  1  3/5     9:55   0:00   1:02 
Austin Wagner            1  4  5   6  0   2  2  3  0  0  1/1    20:21   4:23   0:00 
Cameron York             0  0  0   1  0   0  0  1  0  0  0/0    12:20   0:00   0:47 
Chris Mueller            0  0  0   1  0   1  1  0  0  0  1/1    15:13   3:23   0:00 
Cole Cassels             1  1  2   1  2   3  1  1  0  0  5/7    15:39   3:23   0:00 
Dmitry Sokolov           0  1  1   1  0   2  1  0  0  1  0/0     9:32   0:26   0:00 
Luke Philp               3  2  5   6  0   8  1  0  1  2  26/39  20:21   4:23   0:00 
Mark Alt                 1  0  1   6  0   2  2  1  1  0  0/0    21:40   3:09   1:37 
Mason Shaw               0  2  2   2  0   1  0  0  0  0  3/11   12:57   0:00   2:04 
Michael Carcone          2  1  3   2  0   6  2  0  0  0  2/2    12:13   0:26   1:02 
Nick Schilkey            0  1  1   1  0   5  0  0  1  0  0/2     9:42   0:00   0:52 
Rem Pitlick              0  1  1   1  0   3  2  0  0  0  0/0    15:22   3:23   0:09 
Robbie Russo             0  2  2   5  2   2  1  1  0  0  0/0    20:44   3:09   0:50 
Ryan Reaves              3  3  6   6  0   6  2  1  1  0  0/1    21:04   4:23   0:43 
Ryan Shea                0  0  0   0  0   0  1  2  0  0  0/0    11:22   0:00   0:00 
Steven Lorentz           0  2  2   2  0   0  1  1  0  2  0/0    13:39   0:26   2:04 
William Borgen           0  1  1   4  0   5  4  1  0  0  0/0    26:58   5:03   2:21 
William Lagesson         1  1  2   4  0   2  0  1  0  1  0/0    26:58   5:03   2:21 

3 Stars

1 - Ryan Reaves (SND)
2 - Luke Philp (SND)
3 - Austin Wagner (SND)

Power Play

Worcester Sharks - 0 on 2 Attempt(s) - 0,00%
Bridgeport Sound Tigers - 1 on 5 Attempt(s) - 20,00%

Penalty Kill

Worcester Sharks - 4 on 5 Attempt(s) - 80,00% - Score 0 goal in Penalty Kill
Bridgeport Sound Tigers - 2 on 2 Attempt(s) - 100,00% - Score 0 goal in Penalty Kill

Team Stat

Worcester Sharks - Hits : 19 - Faceoff Wins : 28 - Blocked Shots : 17 - Penalty Minutes : 10
Bridgeport Sound Tigers - Hits : 23 - Faceoff Wins : 41 - Blocked Shots : 13 - Penalty Minutes : 4

Official

Referees : Shaun Davis and Dan O'Halloran
Linesman : Mark Shewchyk and Scott Driscoll

Game Notes

Unknown Goalie enters game at 1:25 of 3rd period
Luke Philp has scored a Hat Trick!
Ryan Reaves has scored a Hat Trick!

Finance

Level 1 -- Attendance: 1456 (72,80%) -- Ticket Income 50 960 $
Level 2 -- Attendance: 780 (78,00%) -- Ticket Income 11 700 $
Total Attendance: 2236 (74,53%)
Total Ticket Income: 62 660 $
Other Income: 30 703 $
Total Income: 93 363 $

Worcester Sharks

5 vs 5 Forward 
   Center                   Left Wing                Right Wing               Time % Phy DF OF 
 1 Hudson Elynuik           Matt Lorito              Travis Boyd              35     1   2  2  
 2 Paul Carey               Remi Elie                Carson Meyer             32     1   2  2  
 3 Garrett Pilon            Brent Gates              Ostap Safin              27     1   2  2  
 4 Joseph Veleno            Max Humitz               Drew Shore               6      1   2  2  

5 vs 5 Defense 
   Defense                  Defense                                           Time % Phy DF OF 
 1 Jimmy Schuldt            Jeremy Davies                                     35     1   2  2  
 2 Martin Marincin          Christian Wolanin                                 34     1   2  2  
 3 Kristians Rubins         Noel Hoefenmayer                                  26     1   2  2  
 4 Jimmy Schuldt            Jeremy Davies                                     5      1   2  2  

PowerPlay Forward 
   Center                   Left Wing                Right Wing               Time % Phy DF OF 
 1 Brent Gates              Max Humitz               Travis Boyd              50     1   2  2  
 2 Paul Carey               Remi Elie                Carson Meyer             50     1   2  2  

PowerPlay Defense
   Defense                  Defense                                           Time % Phy DF OF 
 1 Jimmy Schuldt            Jeremy Davies                                     50     1   2  2  
 2 Martin Marincin          Noel Hoefenmayer                                  50     1   2  2  

Penalty Kill 4 Players Forward 
   Center                   Wing                     Time % Phy DF OF 
 1 Hudson Elynuik           Remi Elie                50     1   2  2  
 2 Joseph Veleno            Ostap Safin              50     1   2  2  

Penalty Kill 4 Players Defense
   Defense                  Defense                  Time % Phy DF OF 
 1 Jimmy Schuldt            Jeremy Davies            50     1   2  2  
 2 Martin Marincin          Noel Hoefenmayer         50     1   2  2  

Penalty Kill - 3 Players Forward 
   Forward                                           Time % Phy DF OF 
 1 Joseph Veleno                                     50     1   2  2  
 2 Hudson Elynuik                                    50     1   2  2  

Penalty Kill - 3 Players Defense
   Defense                  Defense                  Time % Phy DF OF 
 1 Jimmy Schuldt            Jeremy Davies            50     1   2  2  
 2 Martin Marincin          Noel Hoefenmayer         50     1   2  2  

4 vs 4 Forward 
   Center                   Wing                     Time % Phy DF OF 
 1 Joseph Veleno            Max Humitz               50     1   2  2  
 2 Brent Gates              Garrett Pilon            50     1   2  2  

4 vs 4 Defense
   Defense                  Defense                  Time % Phy DF OF 
 1 Jimmy Schuldt            Jeremy Davies            50     1   2  2  
 2 Martin Marincin          Noel Hoefenmayer         50     1   2  2  

Last Minutes Offensive
   Center                   Left Wing                Right Wing               Defense                  Defense                  
   Joseph Veleno            Brent Gates              Travis Boyd              Jimmy Schuldt            Jeremy Davies            

Last Minutes Defensive
   Center                   Left Wing                Right Wing               Defense                  Defense                  
   Paul Carey               Brent Gates              Travis Boyd              Jimmy Schuldt            Jeremy Davies            

Goaltenders
Starting : Ukko-Pekka Luukkonen     
Backup : Unknown Goalie           

Extra Forwards
Normal : Hudson Elynuik, Joseph Veleno, Brent Gates - PP : Hudson Elynuik, Joseph Veleno - PK : Brent Gates
Extra Defensemen
Normal : Christian Wolanin, Martin Marincin, Jeremy Davies - PP : Christian Wolanin - PK : Christian Wolanin, Martin Marincin
Penalty Shots
Brent Gates, Carson Meyer, Drew Shore, Garrett Pilon, Joseph Veleno

Scratches
Nelson Nogier (Healthy), Carsen Twarynski (Healthy), Ryan Lohin (Healthy), Teemu Kivihalme (Healthy), David Gust (Healthy)
Cooper Zech (Healthy), William Reilly (Healthy), Dylan Wells (Healthy), Ivan Prosvetov (Healthy)

Bridgeport Sound Tigers

5 vs 5 Forward 
   Center                   Left Wing                Right Wing               Time % Phy DF OF 
 1 Luke Philp               Austin Wagner            Ryan Reaves              40     1   2  2  
 2 Cole Cassels             Rem Pitlick              Chris Mueller            30     1   2  2  
 3 Mason Shaw               Steven Lorentz           Michael Carcone          20     1   2  2  
 4 Alex Dostie              Nick Schilkey            Dmitry Sokolov           10     1   2  2  

5 vs 5 Defense 
   Defense                  Defense                                           Time % Phy DF OF 
 1 William Borgen           William Lagesson                                  40     1   2  2  
 2 Mark Alt                 Robbie Russo                                      35     1   2  2  
 3 Cameron York             Ryan Shea                                         25     1   2  2  
 4 William Borgen           William Lagesson                                  0      1   2  2  

PowerPlay Forward 
   Center                   Left Wing                Right Wing               Time % Phy DF OF 
 1 Luke Philp               Ryan Reaves              Austin Wagner            60     1   2  2  
 2 Cole Cassels             Rem Pitlick              Chris Mueller            40     1   2  2  

PowerPlay Defense
   Defense                  Defense                                           Time % Phy DF OF 
 1 William Borgen           William Lagesson                                  60     1   2  2  
 2 Mark Alt                 Robbie Russo                                      40     1   2  2  

Penalty Kill 4 Players Forward 
   Center                   Wing                     Time % Phy DF OF 
 1 Mason Shaw               Steven Lorentz           60     1   2  2  
 2 Alex Dostie              Michael Carcone          40     1   2  2  

Penalty Kill 4 Players Defense
   Defense                  Defense                  Time % Phy DF OF 
 1 William Borgen           William Lagesson         60     1   2  2  
 2 Mark Alt                 Robbie Russo             40     1   2  2  

Penalty Kill - 3 Players Forward 
   Forward                                           Time % Phy DF OF 
 1 Mason Shaw                                        60     1   2  2  
 2 Alex Dostie                                       40     1   2  2  

Penalty Kill - 3 Players Defense
   Defense                  Defense                  Time % Phy DF OF 
 1 William Borgen           William Lagesson         60     1   2  2  
 2 Mark Alt                 Robbie Russo             40     1   2  2  

4 vs 4 Forward 
   Center                   Wing                     Time % Phy DF OF 
 1 Luke Philp               Austin Wagner            60     1   2  2  
 2 Cole Cassels             Austin Wagner            40     1   2  2  

4 vs 4 Defense
   Defense                  Defense                  Time % Phy DF OF 
 1 William Borgen           William Lagesson         60     1   2  2  
 2 Mark Alt                 Robbie Russo             40     1   2  2  

Last Minutes Offensive
   Center                   Left Wing                Right Wing               Defense                  Defense                  
   Luke Philp               Ryan Reaves              Austin Wagner            William Borgen           William Lagesson         

Last Minutes Defensive
   Center                   Left Wing                Right Wing               Defense                  Defense                  
   Mason Shaw               Steven Lorentz           Michael Carcone          William Borgen           William Lagesson         

Goaltenders
Starting : Cal Petersen             
Backup : Josef Korenar            

Extra Forwards
Normal : Ryan Reaves, Rem Pitlick, Steven Lorentz - PP : Steven Lorentz, Michael Carcone - PK : Nick Schilkey
Extra Defensemen
Normal : Cameron York, William Borgen, Robbie Russo - PP : Cameron York - PK : Cameron York, Ryan Shea
Penalty Shots
Ryan Reaves, Austin Wagner, Chris Mueller, Michael Carcone, Luke Philp

Scratches
Par Lindholm (Healthy), Tyrell Goulbourne (Healthy), Hayden Verbeek (Healthy), Nick Wolff (Healthy), Charlie Lindgren (Healthy)
Tyler Parsons (Healthy)

% Time on Ice - Worcester Sharks

Lines # - Real PCT - Wanted PCT - Time Play
Normal Forward
1 - 33% - 35% - 15:58
2 - 30% - 32% - 14:15
3 - 24% - 27% - 11:18
4 - 13% - 6% - 6:19
Normal Defense
1 - 37% - 35% - 17:46
2 - 35% - 34% - 16:56
3 - 27% - 26% - 12:57
4 - 0% - 5% - 0:11
PP Forward
1 - 51% - 50% - 2:01
2 - 49% - 50% - 1:57
PP Defense
1 - 49% - 50% - 1:57
2 - 51% - 50% - 2:01
PK Forward
1 - 53% - 50% - 4:21
2 - 47% - 50% - 3:51
PK Defense
1 - 52% - 50% - 4:16
2 - 48% - 50% - 3:56
PK3 Forward
1 - 0% - 50%
2 - 0% - 50%
PK3 Defense
1 - 0% - 50%
2 - 0% - 50%
44 Forward
1 - 0% - 50%
2 - 0% - 50%
44 Defense
1 - 0% - 50%
2 - 0% - 50%
Last Minute Offensive  - 0:00
Last Minute Defensive  - 0:00
Total
Forward - 60:00
Defense - 60:00

% Time on Ice - Bridgeport Sound Tigers

Lines # - Real PCT - Wanted PCT - Time Play
Normal Forward
1 - 35% - 40% - 16:41
2 - 25% - 30% - 11:53
3 - 22% - 20% - 10:26
4 - 18% - 10% - 8:50
Normal Defense
1 - 41% - 40% - 19:34
2 - 35% - 35% - 16:54
3 - 24% - 25% - 11:22
4 - 0% - 0% - 0:00
PP Forward
1 - 59% - 60% - 4:49
2 - 41% - 40% - 3:23
PP Defense
1 - 62% - 60% - 5:03
2 - 38% - 40% - 3:09
PK Forward
1 - 74% - 60% - 2:56
2 - 26% - 40% - 1:02
PK Defense
1 - 59% - 60% - 2:21
2 - 41% - 40% - 1:37
PK3 Forward
1 - 0% - 60%
2 - 0% - 40%
PK3 Defense
1 - 0% - 60%
2 - 0% - 40%
44 Forward
1 - 0% - 60%
2 - 0% - 40%
44 Defense
1 - 0% - 60%
2 - 0% - 40%
Last Minute Offensive  - 0:00
Last Minute Defensive  - 0:00
Total
Forward - 60:00
Defense - 60:00

Play-by-Play

1st period


0:01 of 1st period - Luke Philp wins face-off versus Hudson Elynuik in neutral zone.
0:03 of 1st period - Off-side.
0:04 of 1st period - Luke Philp wins face-off versus Hudson Elynuik in neutral zone.
0:11 of 1st period - Wrist shot by Ryan Reaves.
0:11 of 1st period - Shot Misses the Net.
0:13 of 1st period - Snap shot by Austin Wagner.
0:13 of 1st period - Deflect By Luke Philp.
0:13 of 1st period - Stopped by Ukko-Pekka Luukkonen with a rebound.
0:15 of 1st period - Snap shot by Luke Philp.
0:15 of 1st period - Shot Blocked by Jeremy Davies.
0:17 of 1st period - Slapshot by William Borgen.
0:17 of 1st period - Stopped by Ukko-Pekka Luukkonen without a rebound.
0:18 of 1st period - Paul Carey wins face-off versus Cole Cassels in Worcester Sharks zone.
0:25 of 1st period - Snap shot by Remi Elie.
0:25 of 1st period - Deflect By Cole Cassels.
0:25 of 1st period - Shot Blocked by Mark Alt.
0:25 of 1st period - Puck is out of play.
0:26 of 1st period - Cole Cassels wins face-off versus Paul Carey in Bridgeport Sound Tigers zone.
0:37 of 1st period - Backhand shot by Carson Meyer.
0:37 of 1st period - Stopped by Cal Petersen with a rebound.
0:39 of 1st period - Wrist shot by Carson Meyer.
0:39 of 1st period - Shot Misses the Net.
0:41 of 1st period - Wrist shot by Remi Elie.
0:41 of 1st period - Stopped by Cal Petersen with a rebound.
1:07 of 1st period - Minor Penalty to Martin Marincin for Cross-checking.
1:08 of 1st period - Luke Philp wins face-off versus Hudson Elynuik in Worcester Sharks zone.
1:37 of 1st period - Cole Cassels is hit by Ostap Safin and loses puck.
3:07 of 1st period - Penalty to Martin Marincin is over, Martin Marincin is back on ice.
3:43 of 1st period - Joseph Veleno is hit by Alex Dostie and loses puck.
4:46 of 1st period - William Borgen is hit by Remi Elie and loses puck.
4:59 of 1st period - Martin Marincin is hit by Dmitry Sokolov and loses puck.
6:47 of 1st period - Jeremy Davies is hit by Chris Mueller and loses puck.
7:00 of 1st period - Chris Mueller is hit by Kristians Rubins and loses puck.
7:05 of 1st period - Wrist shot by Brent Gates.
7:05 of 1st period - Stopped by Cal Petersen with a rebound.
7:38 of 1st period - Icing by Dmitry Sokolov.
7:39 of 1st period - Alex Dostie wins face-off versus Remi Elie in Bridgeport Sound Tigers zone.
7:48 of 1st period - Wrist shot by Nick Schilkey.
7:48 of 1st period - Stopped by Ukko-Pekka Luukkonen with a rebound.
7:56 of 1st period - Snap shot by Dmitry Sokolov.
7:56 of 1st period - Shot Blocked by Martin Marincin.
7:58 of 1st period - Wrist shot by Nick Schilkey.
7:58 of 1st period - Stopped by Ukko-Pekka Luukkonen with a rebound.
8:02 of 1st period - Snap shot by Dmitry Sokolov.
8:02 of 1st period - Shot Blocked by Christian Wolanin.
8:04 of 1st period - Slapshot by Mark Alt.
8:04 of 1st period - Shot Blocked by Christian Wolanin.
8:06 of 1st period - Snap shot by Nick Schilkey.
8:06 of 1st period - Shot Blocked by Martin Marincin.
8:08 of 1st period - Slapshot by Mark Alt.
8:08 of 1st period - Shot Blocked by Christian Wolanin.
8:22 of 1st period - Snap shot by Dmitry Sokolov.
8:22 of 1st period - Stopped by Ukko-Pekka Luukkonen with a rebound.
8:54 of 1st period - Snap shot by Alex Dostie.
8:54 of 1st period - Deflect By Nick Schilkey.
8:54 of 1st period - Stopped by Ukko-Pekka Luukkonen with a rebound.
9:09 of 1st period - Slapshot by William Lagesson.
9:09 of 1st period - Goal by William Lagesson - Worcester Sharks : 0 - Bridgeport Sound Tigers : 1.
9:10 of 1st period - Travis Boyd wins face-off versus Luke Philp in neutral zone.
9:49 of 1st period - Snap shot by Ostap Safin.
9:49 of 1st period - Stopped by Cal Petersen with a rebound.
9:56 of 1st period - Icing by Ryan Shea.
9:57 of 1st period - Joseph Veleno wins face-off versus Cole Cassels in Bridgeport Sound Tigers zone.
10:02 of 1st period - Wrist shot by Max Humitz.
10:02 of 1st period - Shot Blocked by Ryan Shea.
10:04 of 1st period - Snap shot by Hudson Elynuik.
10:04 of 1st period - Stopped by Cal Petersen with a rebound.
10:54 of 1st period - Jeremy Davies is hit by Ryan Shea and loses puck.
11:10 of 1st period - Slapshot by Joseph Veleno.
11:10 of 1st period - Shot Misses the Net.
11:12 of 1st period - Slapshot by Jeremy Davies.
11:12 of 1st period - Shot Blocked by Austin Wagner.
11:14 of 1st period - Snap shot by Joseph Veleno.
11:14 of 1st period - Shot Blocked by Austin Wagner.
11:16 of 1st period - Snap shot by Max Humitz.
11:16 of 1st period - Stopped by Cal Petersen without a rebound.
11:17 of 1st period - Hudson Elynuik wins face-off versus Mason Shaw in Bridgeport Sound Tigers zone.
11:18 of 1st period - Snap shot by Travis Boyd.
11:18 of 1st period - Goal by Travis Boyd - Worcester Sharks : 1 - Bridgeport Sound Tigers : 1.
11:19 of 1st period - Luke Philp wins face-off versus Hudson Elynuik in neutral zone.
11:32 of 1st period - Slapshot by Luke Philp.
11:32 of 1st period - Shot Misses the Net.
11:34 of 1st period - Slapshot by Luke Philp.
11:34 of 1st period - Stopped by Ukko-Pekka Luukkonen with a rebound.
12:03 of 1st period - Slapshot by Remi Elie.
12:03 of 1st period - Shot Misses the Net.
12:05 of 1st period - Slapshot by Martin Marincin.
12:05 of 1st period - Stopped by Cal Petersen without a rebound.
12:06 of 1st period - Cole Cassels wins face-off versus Paul Carey in Bridgeport Sound Tigers zone.
12:17 of 1st period - Snap shot by Rem Pitlick.
12:17 of 1st period - Stopped by Ukko-Pekka Luukkonen with a rebound.
12:19 of 1st period - Slapshot by William Lagesson.
12:19 of 1st period - Deflect By Cole Cassels.
12:19 of 1st period - Stopped by Ukko-Pekka Luukkonen without a rebound.
12:20 of 1st period - Matt Lorito wins face-off versus Luke Philp in Worcester Sharks zone.
12:35 of 1st period - Hudson Elynuik is hit by William Borgen and loses puck.
12:46 of 1st period - Hudson Elynuik is hit by Steven Lorentz and loses puck.
13:29 of 1st period - Slapshot by Ostap Safin.
13:29 of 1st period - Shot Misses the Net.
13:35 of 1st period - Slapshot by Nick Schilkey.
13:35 of 1st period - Shot Misses the Net.
13:37 of 1st period - Snap shot by Nick Schilkey.
13:37 of 1st period - Shot Blocked by Garrett Pilon.
13:58 of 1st period - Carson Meyer is hit by Austin Wagner and loses puck.
14:55 of 1st period - Slapshot by Ryan Reaves.
14:55 of 1st period - Stopped by Ukko-Pekka Luukkonen with a rebound.
16:39 of 1st period - Matt Lorito is hit by Mark Alt and loses puck.
16:56 of 1st period - Icing by Joseph Veleno.
16:57 of 1st period - Cole Cassels wins face-off versus Drew Shore in Worcester Sharks zone.
17:22 of 1st period - Wrist shot by Michael Carcone.
17:22 of 1st period - Stopped by Ukko-Pekka Luukkonen with a rebound.
17:24 of 1st period - Wrist shot by Mason Shaw.
17:24 of 1st period - Deflect By Steven Lorentz.
17:24 of 1st period - Shot Misses the Net.
17:24 of 1st period - Puck is out of play.
17:25 of 1st period - Hudson Elynuik wins face-off versus Mason Shaw in Worcester Sharks zone.
17:30 of 1st period - Slapshot by Matt Lorito.
17:30 of 1st period - Stopped by Cal Petersen with a rebound.
18:07 of 1st period - Brent Gates is hit by Austin Wagner and loses puck.
19:16 of 1st period - Kristians Rubins is hit by Ryan Reaves and loses puck.
19:29 of 1st period - Wrist shot by Ostap Safin.
19:29 of 1st period - Stopped by Cal Petersen with a rebound.
19:31 of 1st period - Snap shot by Ostap Safin.
19:31 of 1st period - Shot Blocked by Austin Wagner.
19:33 of 1st period - Snap shot by Garrett Pilon.
19:33 of 1st period - Stopped by Cal Petersen without a rebound.
19:34 of 1st period - Cole Cassels wins face-off versus Hudson Elynuik in Bridgeport Sound Tigers zone.
19:41 of 1st period - Wrist shot by Travis Boyd.
19:41 of 1st period - Stopped by Cal Petersen with a rebound.
19:43 of 1st period - Slapshot by Martin Marincin.
19:43 of 1st period - Deflect By William Lagesson.
19:43 of 1st period - Stopped by Cal Petersen with a rebound.
19:45 of 1st period - Slapshot by Martin Marincin.
19:45 of 1st period - Stopped by Cal Petersen without a rebound.
19:46 of 1st period - Chris Mueller wins face-off versus Hudson Elynuik in Bridgeport Sound Tigers zone.
19:46 of 1st period - Chris Mueller is hit by Matt Lorito.
Goals for this period are 1 for Worcester Sharks vs 1 for Bridgeport Sound Tigers.
Shots for this period are 14 for Worcester Sharks vs 12 for Bridgeport Sound Tigers.

2nd period


0:01 of 2nd period - Luke Philp wins face-off versus Paul Carey in neutral zone.
0:12 of 2nd period - Snap shot by Luke Philp.
0:12 of 2nd period - Shot Misses the Net.
0:49 of 2nd period - Slapshot by Travis Boyd.
0:49 of 2nd period - Shot Misses the Net.
0:51 of 2nd period - Snap shot by Hudson Elynuik.
0:51 of 2nd period - Stopped by Cal Petersen without a rebound.
0:52 of 2nd period - Hudson Elynuik wins face-off versus Mason Shaw in Bridgeport Sound Tigers zone.
0:59 of 2nd period - Mason Shaw is hit by Matt Lorito and loses puck.
1:10 of 2nd period - Snap shot by Michael Carcone.
1:10 of 2nd period - Stopped by Ukko-Pekka Luukkonen with a rebound.
1:18 of 2nd period - Hudson Elynuik is hit by Michael Carcone and loses puck.
1:35 of 2nd period - Snap shot by Michael Carcone.
1:35 of 2nd period - Stopped by Ukko-Pekka Luukkonen with a rebound.
1:37 of 2nd period - Snap shot by Michael Carcone.
1:37 of 2nd period - Shot Blocked by Jeremy Davies.
1:39 of 2nd period - Slapshot by Robbie Russo.
1:39 of 2nd period - Shot Misses the Net.
1:57 of 2nd period - Snap shot by Mason Shaw.
1:57 of 2nd period - Stopped by Ukko-Pekka Luukkonen with a rebound.
2:12 of 2nd period - Snap shot by Michael Carcone.
2:12 of 2nd period - Goal by Michael Carcone - Worcester Sharks : 1 - Bridgeport Sound Tigers : 2.
2:13 of 2nd period - Paul Carey wins face-off versus Luke Philp in neutral zone.
2:16 of 2nd period - William Lagesson is hit by Remi Elie and loses puck.
2:23 of 2nd period - Snap shot by Carson Meyer.
2:23 of 2nd period - Stopped by Cal Petersen with a rebound.
2:48 of 2nd period - Wrist shot by Rem Pitlick.
2:48 of 2nd period - Shot Misses the Net.
2:50 of 2nd period - Minor Penalty to Martin Marincin for Roughing.
2:51 of 2nd period - Joseph Veleno wins face-off versus Luke Philp in Worcester Sharks zone.
2:51 of 2nd period - Joseph Veleno is hit by William Borgen.
3:17 of 2nd period - Jeremy Davies is hit by Rem Pitlick and loses puck.
3:26 of 2nd period - Slapshot by Cole Cassels.
3:26 of 2nd period - Stopped by Ukko-Pekka Luukkonen with a rebound.
3:28 of 2nd period - Snap shot by Cole Cassels.
3:28 of 2nd period - Deflect By Rem Pitlick.
3:28 of 2nd period - Shot Blocked by Jimmy Schuldt.
3:28 of 2nd period - Puck is out of play.
3:29 of 2nd period - Joseph Veleno wins face-off versus Luke Philp in Worcester Sharks zone.
3:40 of 2nd period - Snap shot by Austin Wagner.
3:40 of 2nd period - Shot Misses the Net.
4:50 of 2nd period - Penalty to Martin Marincin is over, Martin Marincin is back on ice.
4:52 of 2nd period - Austin Wagner is hit by Joseph Veleno.
5:01 of 2nd period - Icing by Ostap Safin.
5:02 of 2nd period - Mason Shaw wins face-off versus Joseph Veleno in Worcester Sharks zone.
5:28 of 2nd period - Ryan Shea is hit by Paul Carey and loses puck.
5:51 of 2nd period - Snap shot by Hudson Elynuik.
5:51 of 2nd period - Shot Misses the Net.
5:53 of 2nd period - Snap shot by Matt Lorito.
5:53 of 2nd period - Shot Misses the Net.
5:55 of 2nd period - Wrist shot by Matt Lorito.
5:55 of 2nd period - Shot Misses the Net.
6:25 of 2nd period - Drew Shore is hit by William Borgen and loses puck.
6:33 of 2nd period - Off-side.
6:34 of 2nd period - Hudson Elynuik wins face-off versus Luke Philp in neutral zone.
6:49 of 2nd period - Snap shot by Ryan Reaves.
6:49 of 2nd period - Shot Blocked by Jimmy Schuldt.
7:29 of 2nd period - Wrist shot by Brent Gates.
7:29 of 2nd period - Deflect By Mason Shaw.
7:29 of 2nd period - Shot Blocked by Ryan Shea.
7:29 of 2nd period - Puck is out of play.
7:30 of 2nd period - Luke Philp wins face-off versus Paul Carey in Bridgeport Sound Tigers zone.
7:30 of 2nd period - Luke Philp is hit by Paul Carey.
7:35 of 2nd period - Off-side.
7:36 of 2nd period - Luke Philp wins face-off versus Paul Carey in neutral zone.
7:43 of 2nd period - Minor Penalty to Robbie Russo for Roughing.
7:44 of 2nd period - Brent Gates wins face-off versus Mason Shaw in Bridgeport Sound Tigers zone.
7:44 of 2nd period - Snap shot by Travis Boyd.
7:44 of 2nd period - Stopped by Cal Petersen without a rebound.
7:45 of 2nd period - Travis Boyd wins face-off versus Mason Shaw in Bridgeport Sound Tigers zone.
8:28 of 2nd period - Michael Carcone is hit by Remi Elie and loses puck.
9:43 of 2nd period - Penalty to Robbie Russo is over, Robbie Russo is back on ice.
9:53 of 2nd period - Snap shot by Cole Cassels.
9:53 of 2nd period - Goal by Cole Cassels - Worcester Sharks : 1 - Bridgeport Sound Tigers : 3.
9:54 of 2nd period - Luke Philp wins face-off versus Hudson Elynuik in neutral zone.
9:59 of 2nd period - Snap shot by Ryan Reaves.
9:59 of 2nd period - Stopped by Ukko-Pekka Luukkonen with a rebound.
10:01 of 2nd period - Wrist shot by Austin Wagner.
10:01 of 2nd period - Goal by Austin Wagner - Worcester Sharks : 1 - Bridgeport Sound Tigers : 4.
10:02 of 2nd period - Luke Philp wins face-off versus Paul Carey in neutral zone.
10:11 of 2nd period - Carson Meyer is hit by Ryan Reaves and loses puck.
10:28 of 2nd period - Rem Pitlick is hit by Matt Lorito and loses puck.
10:36 of 2nd period - Minor Penalty to Cole Cassels for Roughing.
10:37 of 2nd period - Mason Shaw wins face-off versus Paul Carey in Bridgeport Sound Tigers zone.
10:45 of 2nd period - Wrist shot by Paul Carey.
10:45 of 2nd period - Shot Misses the Net.
10:47 of 2nd period - Slapshot by Martin Marincin.
10:47 of 2nd period - Stopped by Cal Petersen without a rebound.
10:48 of 2nd period - Brent Gates wins face-off versus Mason Shaw in Bridgeport Sound Tigers zone.
10:49 of 2nd period - Snap shot by Travis Boyd.
10:49 of 2nd period - Shot Blocked by William Borgen.
12:36 of 2nd period - Penalty to Cole Cassels is over, Cole Cassels is back on ice.
13:02 of 2nd period - Snap shot by Joseph Veleno.
13:02 of 2nd period - Stopped by Cal Petersen without a rebound.
13:03 of 2nd period - Joseph Veleno wins face-off versus Luke Philp in Bridgeport Sound Tigers zone.
13:04 of 2nd period - Snap shot by Max Humitz.
13:04 of 2nd period - Stopped by Cal Petersen with a rebound.
13:06 of 2nd period - Snap shot by Joseph Veleno.
13:06 of 2nd period - Stopped by Cal Petersen with a rebound.
13:08 of 2nd period - Slapshot by Jeremy Davies.
13:08 of 2nd period - Shot Blocked by Ryan Reaves.
13:20 of 2nd period - Wrist shot by Alex Dostie.
13:20 of 2nd period - Stopped by Ukko-Pekka Luukkonen without a rebound.
13:21 of 2nd period - Garrett Pilon wins face-off versus Nick Schilkey in Worcester Sharks zone.
13:21 of 2nd period - Garrett Pilon is hit by Robbie Russo.
13:33 of 2nd period - Snap shot by Nick Schilkey.
13:33 of 2nd period - Stopped by Ukko-Pekka Luukkonen with a rebound.
13:35 of 2nd period - Slapshot by Nick Schilkey.
13:35 of 2nd period - Stopped by Ukko-Pekka Luukkonen without a rebound.
13:36 of 2nd period - Hudson Elynuik wins face-off versus Luke Philp in Worcester Sharks zone.
13:45 of 2nd period - Wrist shot by Luke Philp.
13:45 of 2nd period - Stopped by Ukko-Pekka Luukkonen with a rebound.
13:47 of 2nd period - Backhand shot by Robbie Russo.
13:47 of 2nd period - Stopped by Ukko-Pekka Luukkonen without a rebound.
13:48 of 2nd period - Luke Philp wins face-off versus Paul Carey in Worcester Sharks zone.
13:57 of 2nd period - Wrist shot by Luke Philp.
13:57 of 2nd period - Stopped by Ukko-Pekka Luukkonen with a rebound.
14:34 of 2nd period - Slapshot by Joseph Veleno.
14:34 of 2nd period - Stopped by Cal Petersen with a rebound.
14:36 of 2nd period - Slapshot by Jeremy Davies.
14:36 of 2nd period - Stopped by Cal Petersen without a rebound.
14:37 of 2nd period - Mason Shaw wins face-off versus Joseph Veleno in Bridgeport Sound Tigers zone.
15:02 of 2nd period - Carson Meyer is hit by William Borgen and loses puck.
15:31 of 2nd period - Icing by Dmitry Sokolov.
15:32 of 2nd period - Alex Dostie wins face-off versus Hudson Elynuik in Bridgeport Sound Tigers zone.
16:03 of 2nd period - Slapshot by Nick Schilkey.
16:03 of 2nd period - Shot Misses the Net.
16:05 of 2nd period - Wrist shot by Robbie Russo.
16:05 of 2nd period - Deflect By Christian Wolanin.
16:05 of 2nd period - Stopped by Ukko-Pekka Luukkonen with a rebound.
16:07 of 2nd period - Wrist shot by Robbie Russo.
16:07 of 2nd period - Shot Misses the Net.
16:09 of 2nd period - Slapshot by Robbie Russo.
16:09 of 2nd period - Deflect By Alex Dostie.
16:09 of 2nd period - Shot Misses the Net.
16:09 of 2nd period - Puck is out of play.
16:10 of 2nd period - Hudson Elynuik wins face-off versus Luke Philp in Worcester Sharks zone.
16:10 of 2nd period - Hudson Elynuik is hit by Luke Philp.
16:42 of 2nd period - Kristians Rubins is hit by Cole Cassels and loses puck.
16:55 of 2nd period - Backhand shot by Paul Carey.
16:55 of 2nd period - Shot Blocked by Cameron York.
16:57 of 2nd period - Wrist shot by Ostap Safin.
16:57 of 2nd period - Shot Blocked by Steven Lorentz.
17:07 of 2nd period - Michael Carcone is hit by Brent Gates and loses puck.
17:38 of 2nd period - Alex Dostie is hit by Jimmy Schuldt and loses puck.
17:47 of 2nd period - Wrist shot by Matt Lorito.
17:47 of 2nd period - Shot Misses the Net.
17:49 of 2nd period - Slapshot by Christian Wolanin.
17:49 of 2nd period - Stopped by Cal Petersen without a rebound.
17:50 of 2nd period - Luke Philp wins face-off versus Paul Carey in Bridgeport Sound Tigers zone.
17:57 of 2nd period - Slapshot by Luke Philp.
17:57 of 2nd period - Deflect By Remi Elie.
17:57 of 2nd period - Stopped by Ukko-Pekka Luukkonen with a rebound.
17:59 of 2nd period - Slapshot by Mark Alt.
17:59 of 2nd period - Stopped by Ukko-Pekka Luukkonen with a rebound.
18:01 of 2nd period - Snap shot by Austin Wagner.
18:01 of 2nd period - Stopped by Ukko-Pekka Luukkonen with a rebound.
18:03 of 2nd period - Snap shot by Robbie Russo.
18:03 of 2nd period - Shot Blocked by Carson Meyer.
18:05 of 2nd period - Wrist shot by Ryan Reaves.
18:05 of 2nd period - Goal by Ryan Reaves - Worcester Sharks : 1 - Bridgeport Sound Tigers : 5.
18:06 of 2nd period - Luke Philp wins face-off versus Hudson Elynuik in neutral zone.
18:15 of 2nd period - Wrist shot by Ryan Reaves.
18:15 of 2nd period - Stopped by Ukko-Pekka Luukkonen with a rebound.
18:38 of 2nd period - Slapshot by Robbie Russo.
18:38 of 2nd period - Shot Misses the Net.
18:40 of 2nd period - Snap shot by Mark Alt.
18:40 of 2nd period - Deflect By Ryan Reaves.
18:40 of 2nd period - Shot Misses the Net.
18:40 of 2nd period - Puck is out of play.
18:41 of 2nd period - Cole Cassels wins face-off versus Paul Carey in Worcester Sharks zone.
19:08 of 2nd period - Mark Alt is hit by Christian Wolanin and loses puck.
19:27 of 2nd period - Snap shot by Brent Gates.
19:27 of 2nd period - Stopped by Cal Petersen without a rebound.
19:28 of 2nd period - Brent Gates wins face-off versus Alex Dostie in Bridgeport Sound Tigers zone.
19:33 of 2nd period - Wrist shot by Garrett Pilon.
19:33 of 2nd period - Stopped by Cal Petersen with a rebound.
19:57 of 2nd period - Slapshot by Dmitry Sokolov.
19:57 of 2nd period - Stopped by Ukko-Pekka Luukkonen with a rebound.
Goals for this period are 0 for Worcester Sharks vs 4 for Bridgeport Sound Tigers.
Shots for this period are 12 for Worcester Sharks vs 21 for Bridgeport Sound Tigers.

3rd period


0:01 of 3rd period - Luke Philp wins face-off versus Paul Carey in neutral zone.
0:12 of 3rd period - Mark Alt is hit by Martin Marincin and loses puck.
0:32 of 3rd period - Snap shot by Chris Mueller.
0:32 of 3rd period - Shot Blocked by Martin Marincin.
0:47 of 3rd period - Icing by Martin Marincin.
0:48 of 3rd period - Michael Carcone wins face-off versus Hudson Elynuik in Worcester Sharks zone.
0:57 of 3rd period - Wrist shot by Michael Carcone.
0:57 of 3rd period - Stopped by Ukko-Pekka Luukkonen without a rebound.
0:58 of 3rd period - Paul Carey wins face-off versus Mason Shaw in Worcester Sharks zone.
1:01 of 3rd period - Snap shot by Mason Shaw.
1:01 of 3rd period - Deflect By Michael Carcone.
1:01 of 3rd period - Goal by Michael Carcone - Worcester Sharks : 1 - Bridgeport Sound Tigers : 6.
1:02 of 3rd period - Luke Philp wins face-off versus Paul Carey in neutral zone.
1:07 of 3rd period - Slapshot by William Borgen.
1:07 of 3rd period - Stopped by Ukko-Pekka Luukkonen with a rebound.
1:09 of 3rd period - Snap shot by Austin Wagner.
1:09 of 3rd period - Deflect By Ryan Reaves.
1:09 of 3rd period - Goal by Ryan Reaves - Worcester Sharks : 1 - Bridgeport Sound Tigers : 7.
1:10 of 3rd period - Luke Philp wins face-off versus Paul Carey in neutral zone.
1:12 of 3rd period - William Lagesson is hit by Kristians Rubins and loses puck.
1:25 of 3rd period - Slapshot by Luke Philp.
1:25 of 3rd period - Goal by Luke Philp - Worcester Sharks : 1 - Bridgeport Sound Tigers : 8.
1:25 of 3rd period - Unknown Goalie enters game.
1:26 of 3rd period - Luke Philp wins face-off versus Hudson Elynuik in neutral zone.
1:31 of 3rd period - Snap shot by Luke Philp.
1:31 of 3rd period - Goal by Luke Philp - Worcester Sharks : 1 - Bridgeport Sound Tigers : 9.
1:32 of 3rd period - Luke Philp wins face-off versus Garrett Pilon in neutral zone.
1:58 of 3rd period - Minor Penalty to Hudson Elynuik for Tripping.
1:59 of 3rd period - Brent Gates wins face-off versus Luke Philp in Worcester Sharks zone.
2:46 of 3rd period - Slapshot by Martin Marincin.
2:46 of 3rd period - Shot Misses the Net.
3:58 of 3rd period - Penalty to Hudson Elynuik is over, Hudson Elynuik is back on ice.
4:01 of 3rd period - Jeremy Davies is hit by Michael Carcone and loses puck.
4:34 of 3rd period - Slapshot by Jimmy Schuldt.
4:34 of 3rd period - Shot Misses the Net.
6:29 of 3rd period - Michael Carcone is hit by Ostap Safin.
6:41 of 3rd period - Jimmy Schuldt is hit by Alex Dostie and loses puck.
6:45 of 3rd period - Icing by Jimmy Schuldt.
6:46 of 3rd period - Luke Philp wins face-off versus Joseph Veleno in Worcester Sharks zone.
6:57 of 3rd period - Wrist shot by Ryan Reaves.
6:57 of 3rd period - Shot Misses the Net.
7:55 of 3rd period - Off-side.
7:56 of 3rd period - Paul Carey wins face-off versus Alex Dostie in neutral zone.
8:17 of 3rd period - Minor Penalty to Remi Elie for Slashing.
8:18 of 3rd period - Joseph Veleno wins face-off versus Luke Philp in Worcester Sharks zone.
8:29 of 3rd period - Snap shot by Hudson Elynuik.
8:29 of 3rd period - Deflect By Brent Gates.
8:29 of 3rd period - Shot Blocked by William Lagesson.
8:29 of 3rd period - Puck is out of play.
8:30 of 3rd period - Luke Philp wins face-off versus Hudson Elynuik in Bridgeport Sound Tigers zone.
8:57 of 3rd period - Jeremy Davies is hit by Rem Pitlick and loses puck.
10:17 of 3rd period - Penalty to Remi Elie is over, Remi Elie is back on ice.
10:24 of 3rd period - Wrist shot by Paul Carey.
10:24 of 3rd period - Stopped by Cal Petersen without a rebound.
10:25 of 3rd period - Michael Carcone wins face-off versus Paul Carey in Bridgeport Sound Tigers zone.
10:40 of 3rd period - Wrist shot by Paul Carey.
10:40 of 3rd period - Stopped by Cal Petersen without a rebound.
10:41 of 3rd period - Luke Philp wins face-off versus Hudson Elynuik in Bridgeport Sound Tigers zone.
10:41 of 3rd period - Luke Philp is hit by Travis Boyd.
10:49 of 3rd period - Snap shot by Luke Philp.
10:49 of 3rd period - Shot Misses the Net.
11:21 of 3rd period - Icing by Noel Hoefenmayer.
11:22 of 3rd period - Garrett Pilon wins face-off versus Mason Shaw in Worcester Sharks zone.
11:31 of 3rd period - Wrist shot by Paul Carey.
11:31 of 3rd period - Stopped by Cal Petersen without a rebound.
11:32 of 3rd period - Luke Philp wins face-off versus Paul Carey in Bridgeport Sound Tigers zone.
11:43 of 3rd period - Snap shot by Luke Philp.
11:43 of 3rd period - Shot Misses the Net.
11:45 of 3rd period - Slapshot by Ryan Reaves.
11:45 of 3rd period - Shot Blocked by Carson Meyer.
11:47 of 3rd period - Slapshot by William Borgen.
11:47 of 3rd period - Stopped by Unknown Goalie with a rebound.
11:57 of 3rd period - Rem Pitlick is hit by Matt Lorito and loses puck.
12:06 of 3rd period - Snap shot by Matt Lorito.
12:06 of 3rd period - Shot Misses the Net.
12:08 of 3rd period - Snap shot by Travis Boyd.
12:08 of 3rd period - Stopped by Cal Petersen without a rebound.
12:09 of 3rd period - Luke Philp wins face-off versus Garrett Pilon in Bridgeport Sound Tigers zone.
12:13 of 3rd period - Icing by Ryan Reaves.
12:14 of 3rd period - Garrett Pilon wins face-off versus Ryan Reaves in Bridgeport Sound Tigers zone.
12:17 of 3rd period - Snap shot by Garrett Pilon.
12:17 of 3rd period - Shot Misses the Net.
12:19 of 3rd period - Snap shot by Garrett Pilon.
12:19 of 3rd period - Stopped by Cal Petersen without a rebound.
12:20 of 3rd period - Hudson Elynuik wins face-off versus Luke Philp in Bridgeport Sound Tigers zone.
12:27 of 3rd period - Slapshot by William Lagesson.
12:27 of 3rd period - Deflect By Luke Philp.
12:27 of 3rd period - Shot Blocked by Hudson Elynuik.
12:27 of 3rd period - Puck is out of play.
12:28 of 3rd period - Austin Wagner wins face-off versus Hudson Elynuik in Worcester Sharks zone.
12:31 of 3rd period - Slapshot by Ryan Reaves.
12:31 of 3rd period - Shot Blocked by Travis Boyd.
12:53 of 3rd period - Wrist shot by Rem Pitlick.
12:53 of 3rd period - Stopped by Unknown Goalie with a rebound.
12:55 of 3rd period - Slapshot by William Lagesson.
12:55 of 3rd period - Stopped by Unknown Goalie with a rebound.
12:57 of 3rd period - Slapshot by William Borgen.
12:57 of 3rd period - Stopped by Unknown Goalie with a rebound.
12:59 of 3rd period - Snap shot by Cole Cassels.
12:59 of 3rd period - Shot Blocked by Martin Marincin.
13:01 of 3rd period - Slapshot by Rem Pitlick.
13:01 of 3rd period - Stopped by Unknown Goalie with a rebound.
13:03 of 3rd period - Wrist shot by Chris Mueller.
13:03 of 3rd period - Stopped by Unknown Goalie with a rebound.
13:39 of 3rd period - Minor Penalty to Joseph Veleno for Holding.
13:40 of 3rd period - Luke Philp wins face-off versus Brent Gates in Worcester Sharks zone.
13:55 of 3rd period - Snap shot by Luke Philp.
13:55 of 3rd period - Goal by Luke Philp - Worcester Sharks : 1 - Bridgeport Sound Tigers : 10.
13:56 of 3rd period - Hudson Elynuik wins face-off versus Luke Philp in neutral zone.
14:21 of 3rd period - Snap shot by Michael Carcone.
14:21 of 3rd period - Shot Blocked by Jeremy Davies.
14:23 of 3rd period - Wrist shot by Mark Alt.
14:23 of 3rd period - Deflect By Matt Lorito.
14:23 of 3rd period - Goal by Mark Alt - Worcester Sharks : 1 - Bridgeport Sound Tigers : 11.
14:24 of 3rd period - Luke Philp wins face-off versus Hudson Elynuik in neutral zone.
14:31 of 3rd period - Snap shot by Ryan Reaves.
14:31 of 3rd period - Goal by Ryan Reaves - Worcester Sharks : 1 - Bridgeport Sound Tigers : 12.
14:32 of 3rd period - Luke Philp wins face-off versus Hudson Elynuik in neutral zone.
16:12 of 3rd period - Slapshot by Martin Marincin.
16:12 of 3rd period - Stopped by Cal Petersen with a rebound.
16:35 of 3rd period - Slapshot by Christian Wolanin.
16:35 of 3rd period - Stopped by Cal Petersen with a rebound.
17:52 of 3rd period - Jimmy Schuldt is hit by Mark Alt and loses puck.
18:09 of 3rd period - Wrist shot by Brent Gates.
18:09 of 3rd period - Shot Misses the Net.
18:11 of 3rd period - Slapshot by Jeremy Davies.
18:11 of 3rd period - Shot Blocked by Cole Cassels.
18:25 of 3rd period - Snap shot by Travis Boyd.
18:25 of 3rd period - Stopped by Cal Petersen with a rebound.
18:27 of 3rd period - Snap shot by Noel Hoefenmayer.
18:27 of 3rd period - Deflect By Chris Mueller.
18:27 of 3rd period - Stopped by Cal Petersen with a rebound.
18:29 of 3rd period - Wrist shot by Travis Boyd.
18:29 of 3rd period - Stopped by Cal Petersen with a rebound.
18:59 of 3rd period - Icing by William Lagesson.
19:00 of 3rd period - Hudson Elynuik wins face-off versus Nick Schilkey in Bridgeport Sound Tigers zone.
19:03 of 3rd period - Snap shot by Travis Boyd.
19:03 of 3rd period - Stopped by Cal Petersen with a rebound.
19:06 of 3rd period - Icing by William Lagesson.
19:07 of 3rd period - Alex Dostie wins face-off versus Hudson Elynuik in Bridgeport Sound Tigers zone.
19:16 of 3rd period - Slapshot by Alex Dostie.
19:16 of 3rd period - Stopped by Unknown Goalie with a rebound.
19:18 of 3rd period - Snap shot by William Borgen.
19:18 of 3rd period - Stopped by Unknown Goalie with a rebound.
19:20 of 3rd period - Slapshot by William Borgen.
19:20 of 3rd period - Deflect By Dmitry Sokolov.
19:20 of 3rd period - Shot Misses the Net.
19:20 of 3rd period - Puck is out of play.
19:21 of 3rd period - Luke Philp wins face-off versus Garrett Pilon in Worcester Sharks zone.
19:52 of 3rd period - Wrist shot by Paul Carey.
19:52 of 3rd period - Shot Misses the Net.
19:54 of 3rd period - Snap shot by Remi Elie.
19:54 of 3rd period - Shot Blocked by Robbie Russo.
Goals for this period are 0 for Worcester Sharks vs 7 for Bridgeport Sound Tigers.
Shots for this period are 11 for Worcester Sharks vs 17 for Bridgeport Sound Tigers.